 Dungeon Crawl Stone Soup version 0.21-a0-221-gfe971b9 (webtiles) character file.

107850 qqqbard the Stickfighter (level 16, 0/147 HPs)
             Began as a Minotaur Gladiator on Aug 25, 2017.
             Was the Champion of Okawaru.
             Slain by a merfolk
             ... wielding a +0 trident
              (20 damage)
             ... on level 2 of the Shoals.
             The game lasted 00:51:15 (22574 turns).

qqqbard the Stickfighter (Minotaur Gladiator)      Turns: 22574, Time: 00:51:16

Health: 0/147      AC: 29    Str: 29    XL:     16   Next: 1%
Magic:  14/19      EV: 18    Int:  5    God:    Okawaru [******]
Gold:   2095       SH:  0    Dex: 21    Spells: 11/15 levels left

rFire    . . .     SeeInvis +   w - +9 quarterstaff (vamp)
rCold    . . .     Gourm    +   (shield currently unavailable)
rNeg     . . .     Faith    .   M - +3 plate armour
rPois    +         Spirit   .   c - +2 hat
rElec    .         Reflect  .   x - +1 cloak
rCorr    .         Harm     .   U - +1 pair of gloves {Dex+3}
MR       +....     Rnd*Tele +   X - +1 pair of boots of the Shrike {rPois Str-4 Dex+3 SInv}
Stlth    ..........             V - amulet of the gourmand
HPRegen  0.34/turn              R - ring of Leaves {*Tele Str+6}
MPRegen  0.16/turn              j - +4 ring of strength

@: sleeping, finesse, barbed spikes, mesmerised
A: retaliatory headbutt, horns 2
a: Heroism, Finesse, Renounce Religion


You were on level 2 of the Shoals.
You worshipped Okawaru.
Okawaru was exalted by your worship.
You were completely stuffed.

You visited 5 branches of the dungeon, and saw 26 of its levels.
You also visited: Bailey.

You collected 2831 gold pieces.
You spent 736 gold pieces at shops.

Inventory:

Hand Weapons
 w - a +9 vampiric quarterstaff (weapon)
 A - the +10 quarterstaff "Moun" {venom, Str+6 Int+3}
   (Okawaru gifted it to you on level 6 of the Lair of Beasts)

   It poisons the flesh of those it strikes.
   It affects your strength (+6).
   It affects your intelligence (+3).
 Z - a +5 vampiric lajatang
Missiles
 d - 11 throwing nets (quivered)
Armour
 c - a +2 hat (worn)
 x - a +1 cloak (worn)
 M - a +3 plate armour (worn)
 U - a +1 pair of gloves of dexterity (worn)
 X - the +1 pair of boots of the Shrike (worn) {rPois Str-4 Dex+3 SInv}
   (You bought it in a shop on level 12 of the Dungeon)

   It affects your strength (-4).
   It affects your dexterity (+3).
   It protects you from poison.
   It lets you see invisible.
Magical Staves
 K - an uncursed staff of earth
Jewellery
 j - a +4 ring of strength (right hand)
 E - a +3 ring of evasion
 R - the ring of Leaves (left hand) {*Tele Str+6}
   (You found it on level 10 of the Dungeon)

   [ring of teleportation]

   It may teleport you next to monsters.
   It affects your strength (+6).
 V - an amulet of the gourmand (around neck)
Wands
 e - a wand of iceblast (3/15)
 i - a wand of acid (6/15)
 s - a wand of iceblast (11/15)
 I - a wand of lightning (10/15)
 W - a wand of flame (28/48)
 Y - a wand of digging (24/24)
Scrolls
 k - 6 scrolls of remove curse
 r - 3 scrolls of amnesia
 t - 10 scrolls of teleportation
 C - 9 scrolls of magic mapping
 O - a scroll of summoning
 Q - 2 scrolls of recharging
Potions
 a - 7 potions of mutation
 b - 5 potions of might
 h - 7 potions of agility
 l - 5 potions of flight
 p - 7 potions of curing
 q - 7 potions of brilliance
 v - 4 potions of heal wounds
 z - a potion of haste
 B - 2 potions of resistance
 D - a potion of invisibility {unknown}
 F - a potion of ambrosia
 G - 2 potions of lignification
 H - 3 potions of magic
 L - a potion of cancellation
 N - a potion of berserk rage
Miscellaneous
 m - a phantom mirror
 u - a phial of floods
 y - 2 boxes of beasts
Comestibles
 f - 14 bread rations
 g - 13 meat rations
 n - 10 fruits
 o - 28 royal jellies
 J - 4 chunks of flesh


   Skills:
 + Level 14.5 Fighting
 * Level 19.3 Staves
 - Level 2.0 Throwing
 + Level 13.9 Armour
 + Level 13.4 Dodging
 + Level 4.1 Earth Magic
 + Level 6.6 Invocations
 + Level 6.1 Evocations


You had 11 spell levels left.
You knew the following spells:

 Your Spells              Type           Power        Failure   Level  Hunger
a - Leda's Liquefaction   Hex/Erth       #.........   100%        4    #####..


Dungeon Overview and Level Annotations

Branches:
Dungeon (15/15)            Temple (1/1) D:7            Lair (6/6) D:10
 Shoals (2/4) Lair:4        Snake (0/4) Lair:3        Slime (0/5) Lair:6
    Orc (2/2) D:12            Elf (0/3) Orc:2        Vaults (0/5) D:14
 Depths (0/5) D:15

Altars:
Ashenzari
Cheibriados
Dithmenos
Elyvilon
Fedhas
Gozag
Hepliaklqana
Kikubaaqudgha
Makhleb
Nemelex Xobeh
Okawaru
Qazlal
Ru
Sif Muna
Trog
Uskayaw
Vehumet
Wu Jian
Xom
Yredelemnul
Zin
The Shining One
Beogh

Shops:
D:7 =   D:9 }   D:12 [   Orc:1 (   Orc:2 ([(%   Shoals:2 *

Portals:
Trove: D:13 (give +4 ice dragon scales)


Innate Abilities, Weirdness & Mutations

You reflexively headbutt those who attack you in melee.
You have a pair of horns on your head.


Message History

The manticore closely misses you. The merfolk barely misses you.
The sea snake closely misses you. You furiously retaliate!
You headbutt the sea snake!
You can now deal lightning-fast blows.
The merfolk siren shouts!
The merfolk siren chants a haunting song.
You are mesmerised by the merfolk siren!
The manticore barely misses you. You furiously retaliate!
You headbutt the manticore. The manticore misses you. The manticore claws you.
* * * LOW HITPOINT WARNING * * *
The sea snake completely misses you. You furiously retaliate!
You headbutt the sea snake! The merfolk misses you. The cyclops hits you!
* * * LOW HITPOINT WARNING * * *
The dream sheep shake their wool and sparkle.
You feel drowsy...
You fall asleep.
The merfolk siren chants its luring song.
The sea snake misses you. The manticore closely misses you.
The manticore barely misses you. x2
The merfolk hits you from afar with a trident!!
You die...

..(..(...≈≈≈≈...#..≈≈≈≈≈≈≈≈≈≈
...≈≈...≈≈≈≈≈..##...≈≈≈≈≈≈≈≈≈
..≈≈≈≈≈≈≈≈≈≈≈.## #$.≈≈≈≈≈≈≈≈≈
..≈≈≈≈≈≈≈≈≈≈.## #..≈≈≈≈≈≈≈≈≈
([(≈≈...≈≈≈≈.## #.≈≈≈≈≈≈≈≈≈
)..≈≈..>.≈≈≈≈.## ##)≈≈≈≈≈≈≈≈≈
......≈≈≈≈≈≈≈≈.###m.≈≈≈≈≈≈≈≈≈
...###.≈≈≈≈....H.CY≈≈≈≈≈≈≈≈≈≈
...####.≈≈......@SYY≈≈≈≈≈≈≈≈.
....###...≈≈(..#####.≈m≈≈..≈.
≈≈(.........#### ##.≈≈≈..≈.
≈≈≈≈...≈≈...#### #.≈≈≈≈≈.Y
≈≈≈≈≈..≈≈≈.).#.######.≈≈≈≈≈≈.
≈≈≈≈≈≈.≈≈≈!)....(.....≈≈≈≈≈≈
≈≈≈≈.>....≈.........≈≈≈≈≈≈≈.
≈≈≈(...≈.......≈≈≈m≈≈≈≈≈≈≈≈.
≈≈≈...≈≈....≈≈≈≈≈≈≈≈≈≈t≈≈≈≈.


You could see a sea snake, a merfolk, a manticore, a cyclops, a merfolk siren
and 3 dream sheep.

Vanquished Creatures
  Rupert (D:13)
  A sphinx (D:10)
  2 orc warlords
  2 dire elephants (Lair:6)
  The ghost of handsome the Unseen, a journeyman OpAs of Xom (Lair:1)
  Josephine (D:10)
  2 hydras
  A centaur warrior (D:15)
  A catoblepas (Lair:6)
  4 two-headed ogres
  An anaconda (Lair:6)
  A merfolk aquamancer (Shoals:2)
  A tengu warrior (D:11)
  A merfolk avatar (Shoals:2)
  2 dancing weapons (D:14)
  13 death yaks
  2 orc high priests (Orc:2)
  Urug (D:12)
  Nergalle (D:10)
  The ghost of qqqbard the Carver, a novice MiFi of the Shining One (D:8)
  A fire crab (shapeshifter) (D:13)
  3 unseen horrors
  4 sea snakes
  A sea snake (shapeshifter) (D:10)
  A lindwurm (Lair:6)
  Pikel (D:6)
  7 harpies (Shoals:1)
  A necromancer (D:15)
  13 ugly things
  2 deep elf magi (D:15)
  4 orc sorcerers
  5 manticores
  11 elephants (Lair:6)
  2 merfolk sirens (Lair:4)
  Maurice (Orc:1)
  A water nymph (Shoals:1)
  6 black mambas
  3 gargoyles
  11 spiny frogs
  10 komodo dragons
  4 rime drakes (Lair:6)
  A kobold demonologist (D:14)
  2 efreet
  7 merfolk
  3 meliai (D:14)
  A tengu conjurer (D:11)
  A troll (D:15)
  A wolf spider simulacrum (D:15)
  A hornet (Lair:2)
  A wind drake (Shoals:1)
  11 polar bears
  12 blink frogs (Lair:6)
  18 hippogriffs
  3 slime creatures (D:12)
  4 dream sheep (Lair:6)
  2 raiju (Lair:6)
  3 snapping turtles
  A shadow (D:15)
  3 wyverns
  2 humans
  33 yaks
  4 wraiths (D:10)
  4 hogs (D:7)
  5 basilisks
  5 water elementals
  2 hungry ghosts
  12 wargs
  2 nagas (Lair:3)
  Edmund (D:5)
  13 hell hounds (Lair:6)
  An acid dragon (D:14)
  Duvessa (D:6)
  16 water moccasins
  46 orc warriors
  9 porcupines
  3 sky beasts
  A hornet zombie (D:15)
  12 black bears
  5 ice beasts
  A slave (D:6)
  A sky beast (shapeshifter) (D:11)
  2 phantoms
  22 wolves
  12 ogres
  19 centaurs
  6 crocodiles
  A big kobold (D:8)
  17 bullfrogs
  A wyvern zombie (D:10)
  Dowan (D:6)
  3 scorpions
  10 killer bees (D:7)
  2 howler monkeys
  5 wights (D:6)
  2 crimson imps
  A centaur zombie (D:8)
  A bullfrog zombie (D:10)
  A wyvern simulacrum (D:15)
  5 jellies
  A gnoll shaman (D:5)
  18 orc priests
  2 bullfrog skeletons
  5 hounds
  Crazy Yiuf (D:3)
  8 centaur skeletons
  6 iguanas
  12 worker ants
  34 orc wizards
  3 hound skeletons
  2 worker ant zombies (D:9)
  A gnoll (shapeshifter) (D:4)
  9 gnolls
  9 adders
  3 shadow imps
  A white imp (D:8)
  6 oozes
  An adder zombie (D:6)
  2 adder skeletons
  3 worms
  3 dart slugs
  3 leopard geckos
  119 orcs
  6 giant cockroaches
  15 goblins
  6 hobgoblins
  2 jackals (D:3)
  4 quokkas
  2 ball pythons (D:3)
  4 bats
  5 frilled lizards
  A giant cockroach zombie (D:5)
  A goblin skeleton (D:8)
  A hobgoblin zombie (D:8)
  13 kobolds
  A kobold skeleton (D:8)
  A leopard gecko skeleton (D:7)
  An orc skeleton (D:8)
  An orc zombie (D:8)
  A quokka skeleton (D:5)
  A quokka zombie (D:6)
  6 rats
  A fungus (Lair:5)
  13 plants (D:10)
835 creatures vanquished.

Vanquished Creatures (collateral kills)
  A basilisk (Lair:4)
1 creature vanquished.

Vanquished Creatures (others)
  An elephant (Lair:6)
  A black mamba (Lair:6)
  A spiny frog (Lair:6)
  A wraith (D:10)
  A water moccasin (Lair:6)
  4 fungi (Lair:6)
  7 plants (Lair:6)
16 creatures vanquished.

Grand Total: 852 creatures vanquished

Notes
Turn   | Place    | Note
-------+----------+-------------------------------------------
     0 | D:1      | qqqbard the Minotaur Gladiator began the quest for the Orb.
     0 | D:1      | Reached XP level 1. HP: 18/18 MP: 0/0
   767 | D:2      | Reached XP level 2. HP: 25/25 MP: 1/1
   892 | D:2      | Reached skill level 4 in Staves
   910 | D:2      | Found a sacrificial altar of Ru.
   986 | D:2      | Reached XP level 3. HP: 28/31 MP: 2/2
  1145 | D:2      | Found a faded altar of an unknown god.
  1523 | D:3      | Reached skill level 1 in Armour
  1876 | D:3      | Reached XP level 4. HP: 22/38 MP: 3/3
  1928 | D:3      | Found a runed door.
  2293 | D:3      | Noticed Crazy Yiuf
  2298 | D:3      | Killed Crazy Yiuf
  2350 | D:3      | Reached skill level 5 in Staves
  2352 | D:3      | Reached XP level 5. HP: 38/46 MP: 4/4
  3034 | D:4      | Reached XP level 6. HP: 52/52 MP: 5/5
  3267 | D:5      | Entered Level 5 of the Dungeon
  3292 | D:5      | Noticed a sky beast
  3296 | D:5      | Killed a sky beast
  3296 | D:5      | Reached skill level 6 in Staves
  3616 | D:5      | Reached skill level 5 in Dodging
  3616 | D:5      | Reached XP level 7. HP: 59/60 MP: 6/6
  3742 | D:5      | Noticed Edmund
  3755 | D:5      | Killed Edmund
  3755 | D:5      | Reached skill level 5 in Fighting
  3849 | D:5      | Reached skill level 7 in Staves
  4350 | D:6      | Noticed Duvessa
  4351 | D:6      | Noticed Dowan
  4373 | D:6      | Killed Duvessa
  4385 | D:6      | Killed Dowan
  4599 | D:6      | Noticed Pikel
  4616 | D:6      | Killed Pikel
  4616 | D:6      | Reached skill level 8 in Staves
  4616 | D:6      | Reached skill level 5 in Armour
  4616 | D:6      | Reached XP level 8. HP: 66/70 MP: 7/7
  4862 | D:6      | Reached skill level 9 in Staves
  5180 | D:7      | Reached XP level 9. HP: 78/78 MP: 8/8
  5542 | D:7      | Found a staircase to the Ecumenical Temple.
  5691 | Temple   | Entered the Ecumenical Temple
  5735 | Temple   | Became a worshipper of Warmaster Okawaru
  5816 | D:7      | Found Mumir's Jewellery Shoppe.
  5916 | D:7      | Reached skill level 10 in Staves
  5925 | D:7      | Reached * piety under Okawaru
  6656 | D:8      | Found a glowing golden altar of the Shining One.
  6675 | D:8      | Reached ** piety under Okawaru
  6698 | D:8      | Noticed qqqbard's ghost (novice MiFi)
  6716 | D:8      | Killed qqqbard's ghost
  6716 | D:8      | Reached skill level 11 in Staves
  6716 | D:8      | Reached XP level 10. HP: 72/90 MP: 9/9
  6831 | D:8      | Reached *** piety under Okawaru
  7241 | D:9      | Found Juub's Gadget Shoppe.
  7358 | D:9      | Identified the Tome of Dusty Execration
  7469 | D:9      | Found an iron altar of Okawaru.
  7604 | D:10     | Entered Level 10 of the Dungeon
  7609 | D:10     | Noticed a two-headed ogre
  7617 | D:10     | Killed a two-headed ogre
  7617 | D:10     | Reached skill level 12 in Staves
  7670 | D:10     | Noticed a sphinx
  7680 | D:10     | Killed a sphinx
  7680 | D:10     | Reached **** piety under Okawaru
  7782 | D:10     | Got a flickering brass ring
  7785 | D:10     | Identified the ring of Leaves {*Tele Str+6} (You found it on level 10 of the Dungeon)
  7891 | D:10     | Reached XP level 11. HP: 91/97 MP: 10/10
  7964 | D:10     | Noticed Nergalle
  7969 | D:10     | Noticed a spectral orc warlord
  7983 | D:10     | Killed Nergalle
  7983 | D:10     | Reached ***** piety under Okawaru
  7983 | D:10     | Received a gift from Okawaru
  8032 | D:10     | Noticed Harold
  8041 | D:10     | Noticed Harold
  8041 | D:10     | Harold changed into Harold the sea snake
  8044 | D:10     | Killed Harold the sea snake
  8044 | D:10     | Received a gift from Okawaru
  8044 | D:10     | Reached skill level 13 in Staves
  8047 | D:10     | Got a faintly humming shield {god gift}
  8412 | D:10     | Noticed Josephine
  8413 | D:10     | Reached skill level 10 in Fighting
  8424 | D:10     | Killed Josephine
  8694 | D:10     | Found a staircase to the Lair.
  9404 | D:11     | Noticed a tengu warrior
  9419 | D:11     | Killed a tengu warrior
  9674 | D:11     | Reached skill level 10 in Armour
 10049 | D:12     | Reached skill level 14 in Staves
 10049 | D:12     | Reached skill level 10 in Dodging
 10085 | D:12     | Noticed a two-headed ogre
 10194 | D:12     | Killed a two-headed ogre
 10269 | D:12     | Killed an unseen horror
 10288 | D:12     | Reached XP level 12. HP: 100/110 MP: 11/11
 10344 | D:12     | Found a staircase to the Orcish Mines.
 10359 | D:12     | Noticed Urug
 10380 | D:12     | Killed Urug
 10479 | D:12     | Found Peutsiff's Antique Armour Emporium.
 10483 | D:12     | Bought a pair of fine boots for 256 gold pieces
 10483 | D:12     | Bought a pair of faintly glowing gloves for 256 gold pieces
 10494 | D:12     | Identified the +1 pair of boots of the Shrike {rPois Str-4 Dex+3 SInv} (You bought it in a shop on level 12 of the Dungeon)
 10504 | D:12     | Identified the cursed -2 pair of gloves "Ziewk" {rPois Str+4} (You bought it in a shop on level 12 of the Dungeon)
 10626 | D:13     | Received a gift from Okawaru
 10735 | D:13     | Reached skill level 15 in Staves
 10784 | D:13     | Noticed a two-headed ogre
 10790 | D:13     | Killed a two-headed ogre
 10790 | D:13     | Reached ****** piety under Okawaru
 11032 | D:13     | Found a portal to a secret trove of treasure.
 11093 | D:13     | Found a flagged portal.
 11104 | Bailey   | Entered a bailey
 11265 | Bailey   | Got a brightly glowing granite ring
 11278 | Bailey   | Identified the ring "Ybeunor" {+Blink rElec rF++ Str-3 Stlth+} (You found it in a bailey)
 11363 | D:13     | Noticed a two-headed ogre
 11370 | D:13     | Killed a two-headed ogre
 11370 | D:13     | Received a gift from Okawaru
 11477 | D:13     | Noticed Rupert
 11551 | D:13     | Killed Rupert
 11731 | D:13     | Found a shadowy altar of Dithmenos.
 11820 | D:14     | Received a gift from Okawaru
 11822 | D:14     | Reached skill level 16 in Staves
 11869 | D:14     | Reached XP level 13. HP: 101/118 MP: 12/12
 12013 | D:14     | Found a gate to the Vaults.
 12395 | D:15     | Entered Level 15 of the Dungeon
 12689 | D:15     | Reached skill level 1 in Invocations
 12724 | D:15     | Reached skill level 1 in Evocations
 12789 | D:15     | Found a shattered altar of Ashenzari.
 12959 | D:15     | Received a gift from Okawaru
 13153 | D:15     | Found the +10 Black Knight's horse barding {ponderous, rPois rN+}
 13306 | D:15     | Found a staircase to the Depths.
 13499 | D:15     | Reached skill level 17 in Staves
 13692 | Lair:1   | Entered Level 1 of the Lair of Beasts
 13882 | Lair:1   | Noticed handsome's ghost (journeyman OpAs)
 13907 | Lair:1   | Killed handsome's ghost
 14562 | Lair:2   | Reached XP level 14. HP: 120/129 MP: 15/15
 15216 | Lair:2   | Identified the -5 shield of Fokeqeri {*Corrode rElec rPois SInv} (Okawaru gifted it to you on level 10 of the Dungeon)
 15256 | Lair:3   | Learned a level 4 spell: Leda's Liquefaction
 15278 | Lair:3   | Found a shimmering altar of Xom.
 15392 | Lair:3   | Found a staircase to the Snake Pit.
 15990 | Lair:4   | Found a staircase to the Shoals.
 16016 | Lair:4   | Received a gift from Okawaru
 17044 | Lair:5   | Reached skill level 1 in Earth Magic
 17661 | Lair:6   | Entered Level 6 of the Lair of Beasts
 17709 | Lair:6   | Received a gift from Okawaru
 17775 | Lair:6   | Reached skill level 18 in Staves
 17879 | Lair:6   | Found a staircase to the Slime Pits.
 18092 | Lair:6   | Reached skill level 5 in Invocations
 18506 | Lair:6   | Reached XP level 15. HP: 137/137 MP: 17/17
 18564 | Lair:6   | Reached skill level 5 in Evocations
 18644 | Lair:6   | Received a gift from Okawaru
 19089 | Lair:6   | Received a gift from Okawaru
 19173 | Lair:6   | Got a slimy quarterstaff {god gift}
 19174 | Lair:6   | Identified the +10 quarterstaff "Moun" {venom, Str+6 Int+3} (Okawaru gifted it to you on level 6 of the Lair of Beasts)
 19741 | Orc:1    | Entered Level 1 of the Orcish Mines
 19741 | Orc:1    | Noticed Maurice
 19747 | Orc:1    | Noticed an orc warlord
 19748 | Orc:1    | Killed Maurice
 19776 | Orc:1    | Killed an orc warlord
 19794 | Orc:1    | Identified a scroll of acquirement
 20095 | Orc:1    | Found Zylaokh's Antique Weapon Shoppe.
 20139 | Orc:2    | Entered Level 2 of the Orcish Mines
 20173 | Orc:2    | Found a staircase to the Elven Halls.
 20235 | Orc:2    | Found a roughly hewn altar of Beogh.
 20249 | Orc:2    | Found Aliuxa Waic's Antique Weapon Emporium.
 20552 | Orc:2    | Found Ulaggeam's Antique Armour Shop.
 20552 | Orc:2    | Noticed an orc warlord
 20559 | Orc:2    | Received a gift from Okawaru
 20565 | Orc:2    | Found a roughly hewn altar of Beogh.
 21194 | Orc:2    | Found a roughly hewn altar of Beogh.
 21195 | Orc:2    | Found Siloxtop's Food Emporium.
 21201 | Orc:2    | Reached skill level 19 in Staves
 21295 | Orc:2    | Killed an orc warlord
 21316 | Orc:2    | Found Cizoxt's Antique Weapon Boutique.
 21331 | Orc:2    | Bought a runed hat for 224 gold pieces
 21453 | Orc:2    | Found a roughly hewn altar of Beogh.
 21500 | Orc:2    | Found a roughly hewn altar of Beogh.
 21697 | Shoals:1 | Entered Level 1 of the Shoals
 22411 | Shoals:2 | Found Leomp's Luxury Loot.
 22422 | Shoals:2 | Received a gift from Okawaru
 22540 | Shoals:2 | Reached XP level 16. HP: 105/147 MP: 19/19
 22574 | Shoals:2 | Slain by a merfolk

Vault maps used:
D:1:      co_arrival_hall_of_pillars, minmay_misc_feat_four_crosses
D:2:      nicolae_ru_sacrificial_ziggurat, chequers_ecumenical_altar_island
D:3:      uniq_crazy_yiuf_cottage
D:4:      grunt_ministairs_9
D:5:      first_bread, uniq_edmund
D:6:      uniq_duvessa, uniq_pikel
D:7:      minmay_temple_entry_statues, serial_shops, nicolae_shop_crystal,
          grunt_livestock
D:8:      nicolae_tso_besieged_by_evil
D:9:      basic_altar, serial_shops, shop, grunt_ministairs_1, corner_web_ring
D:10:     dpeg_oklobed_lair, kennysheep_just_a_vault, uniq_harold,
          uniq_nergalle, uniq_josephine
D:11:     minmay_misc_feat_plants, amethyst_killhole
D:12:     erik_orc_4, serial_shops, shop, hangedman_decor_growths, st_stairs_1,
          uniq_urug
D:13:     enter_bailey_3, nicolae_trove_entry_crystal, basic_altar, uniq_rupert
D:14:     erik_vaults_1
D:15:     grunt_enter_depths_magical_seal, nicolae_ashenzari_panopticon
Temple:   grunt_wide_crystal_templ
Lair:1:   grunt_megastairs_2
Lair:2:   beast_lair_carwin_6
Lair:3:   guppyfry_snake_entry_garden, basic_altar, minivault_11,
          grunt_megastairs_1, lemuel_fruit_fields, infiniplex_staircase_pool
Lair:4:   elwin_shoals_entry_stream
Lair:5:   serial_forest, infiniplex_forest_zigzag_2, infiniplex_forest_pool,
          infiniplex_forest_lined_room_2, infiniplex_forest_lined_room_2,
          infiniplex_forest_lined_2, infiniplex_forest_clump_small,
          infiniplex_forest_lined_corner
Lair:6:   hangedman_lair_caniforms_friends, hangedman_lair_in_review,
          nicolae_slime_entry_slimehenge
Shoals:1: nicolae_shoals_so_close
Shoals:2: nicolae_shoals_seven_spires, nicolae_alphabet_shops
Orc:1:    serial_shops, shop, uniq_maurice
Orc:2:    grunt_orc_community_town_hall, grunt_orc_community_big_house_1,
          grunt_orc_community_big_house_2, grunt_orc_community_house_3,
          grunt_orc_community_house_1, grunt_orc_community_house_3,
          grunt_orc_community_house_2, grunt_orc_community_house_2,
          guppyfry_library_mini
Bailey:   bailey_axe_1, bailey

Skill      XL: |  1  2  3  4  5  6  7  8  9 10 11 12 13 14 15 |
---------------+----------------------------------------------+-----
Staves         | 4 5 6 8 9 11 12 14 16 17 18 19 | 19.3
Fighting       | 3 4 6 8 9 11 12 13 14 | 14.5
Armour         | 1 2 3 5 6 7 9 10 11 12 13 | 13.9
Dodging        | 4 5 6 8 9 10 11 12 13 | 13.4
Invocations    | 3 5 6 |  6.6
Evocations     | 2 4 6 |  6.1
Earth Magic    | 2 4 |  4.1
Throwing       | |  2.0

Action                   |  1- 3 |  4- 6 |  7- 9 | 10-12 | 13-15 | 16-18 || total
-------------------------+-------+-------+-------+-------+-------+-------++-------
Melee: Quarterstaff      |    65 |   100 |   235 |   567 |  1306 |    16 ||  2289
       Headbutt          |     9 |    10 |    47 |   161 |   520 |     5 ||   752
       Lajatang          |       |       |       |       |   332 |       ||   332
Invok: Finesse           |       |       |       |       |       |     1 ||     1
Evoke: Wand              |       |       |       |     1 |       |       ||     1
       Phial of floods   |       |       |       |       |     1 |       ||     1
  Use: Scroll            |       |     1 |    12 |    22 |    15 |       ||    50
       Potion            |       |     1 |       |     3 |       |     1 ||     5
 Stab: Petrifying        |       |       |     1 |     1 |       |       ||     2
       Confused          |       |       |     2 |     2 |       |       ||     4
  Eat: Chunk             |     3 |     5 |    10 |    36 |    58 |       ||   112
       Fruit             |       |       |       |     1 |       |       ||     1
Armor: Scale mail        |    16 |    39 |   100 |   109 |       |       ||   264
       Leather armour    |     2 |       |       |       |       |       ||     2
       Plate armour      |       |       |       |    71 |   629 |    12 ||   712
Dodge: Dodged            |    37 |    45 |   162 |   474 |  1059 |    32 ||  1809

Table legend:
 A = Spawn XP
 B = Non-spawn XP
 C = Spawn XP percentage of total XP
 D = Spawn monster count
 E = Non-spawn monster count
 F = Spawn count percentage of total count
 G = Total turns spent on level
                    A         B        C        D         E        F      G
               +---------+---------+-------+---------+---------+-------+---------
         Total |   13870 |  140202 |   9.0 |      92 |     730 |  11.2 | 22574
               +---------+---------+-------+---------+---------+-------+---------
           D:1 |       0 |      11 |   0.0 |       0 |       8 |   0.0 |   744
           D:2 |       1 |      49 |   2.0 |       1 |      11 |   8.3 |   776
           D:3 |      61 |     107 |  36.3 |       6 |      28 |  17.6 |  1059
           D:4 |      25 |     188 |  11.7 |       2 |       8 |  20.0 |   688
           D:5 |      40 |     669 |   5.6 |       3 |      19 |  13.6 |  1067
           D:6 |     108 |    1479 |   6.8 |       1 |      18 |   5.3 |   829
           D:7 |     411 |    1717 |  19.3 |      10 |      20 |  33.3 |  1375
           D:8 |     381 |    1749 |  17.9 |       3 |      36 |   7.7 |   525
           D:9 |      82 |     367 |  18.3 |       3 |      11 |  21.4 |   454
          D:10 |     179 |    7570 |   2.3 |       3 |      23 |  11.5 |  1699
          D:11 |     330 |    2294 |  12.6 |       3 |      21 |  12.5 |   808
          D:12 |     900 |    6738 |  11.8 |       7 |      48 |  12.7 |   750
          D:13 |     976 |    9354 |   9.4 |      10 |      24 |  29.4 |  1014
          D:14 |      93 |    7414 |   1.2 |       1 |      23 |   4.2 |   596
          D:15 |    1284 |   12256 |   9.5 |       3 |      33 |   8.3 |  1121
        Lair:1 |     136 |    4187 |   3.1 |       1 |      19 |   5.0 |   734
        Lair:2 |     605 |    6145 |   9.0 |       3 |      24 |  11.1 |   918
        Lair:3 |     460 |    3683 |  11.1 |       1 |      14 |   6.7 |   739
        Lair:4 |      97 |    7218 |   1.3 |       1 |      22 |   4.3 |   942
        Lair:5 |     475 |    1876 |  20.2 |       2 |       5 |  28.6 |   810
        Lair:6 |    1734 |   39916 |   4.2 |      10 |     132 |   7.0 |  1942
      Shoals:1 |    3351 |    6841 |  32.9 |       7 |      15 |  31.8 |   695
      Shoals:2 |    1842 |    3620 |  33.7 |       5 |       9 |  35.7 |   182
         Orc:1 |       0 |    4657 |   0.0 |       0 |      34 |   0.0 |   401
         Orc:2 |     299 |    9120 |   3.2 |       6 |     108 |   5.3 |  1416
        Bailey |       0 |     977 |   0.0 |       0 |      17 |   0.0 |   203
               +---------+---------+-------+---------+---------+-------+---------
